[Event "Titled Tuesday Blitz March 15 Early 2022"]
[White "Flis, Pawel"]
[Black "Hoffmann, Asa"]
[WhiteFideId "1112864"]
[BlackFideId "2001470"]
[WhiteElo "1735"]
[BlackElo "2117"]
[Result "0-1"]
[Round "03"]
[TimeControl "180+1"]
[Date "2022.03.15"]
[WhiteClock "0:00:17"]
[BlackClock "0:00:52"]

1. e4 d6 2. d4 Nf6 3. Nc3 c6 4. Nf3 Bg4 5. Bc4 e6 6. h3 Bh5 7. O-O d5 8. exd5 cxd5 9. Bb5+ Nc6 10. g4 Bg6 11. Ne5 Rc8 12. Bg5 Be7 13. f4 O-O 14. Bxf6 gxf6 15. Nxc6 bxc6 16. Ba6 f5 17. Bxc8 Qxc8 18. g5 Qa6 19. Qe2 Qb6 20. Qd2 Bh5 21. Na4 Qb5 22. b3 Rc8 23. Kh2 Bd6 24. Rac1 a5 25. Rf2 Kg7 26. Qc3 Bb4 27. Qd3 Ba3 28. Re1 Bb4 29. Rc1 Ba3 30. Rg1 Bd6 31. Qc3 Qb4 32. Qxb4 axb4 33. Rc1 f6 34. gxf6+ Kxf6 35. Kg2 c5 36. dxc5 Bxc5 37. Nxc5 Rxc5 38. c3 bxc3 39. Rd2 cxd2 40. Rxc5 d1=Q 0-1


[Site "https://www.chess.com"]

[Event "Titled Tuesday Blitz March 15 Early 2022"]
[White "Garagulya, Konstantin"]
[Black "Kett, Tim"]
[WhiteFideId "4128931"]
[BlackFideId "1801210"]
[WhiteElo "2329"]
[BlackElo "2098"]
[Result "1-0"]
[Round "03"]
[TimeControl "180+1"]
[Date "2022.03.15"]
[WhiteClock "0:00:26"]
[BlackClock "0:00:02"]

1. d4 d5 2. Nf3 e6 3. c4 Nf6 4. Bg5 c5 5. Nc3 cxd4 6. Nxd4 e5 7. Nf3 d4 8. Nb5 Bb4+ 9. Bd2 Bxd2+ 10. Qxd2 Nc6 11. e3 dxe3 12. Qxe3 O-O 13. Be2 Qa5+ 14. Qc3 Qxc3+ 15. Nxc3 Nd4 16. Nxd4 exd4 17. Nb5 Bg4 18. f3 Rae8 19. Kf2 Bd7 20. Nxd4 Re7 21. Rhe1 Rfe8 22. Bd3 g6 23. Rxe7 Rxe7 24. b4 Kg7 25. Re1 Rxe1 26. Kxe1 Ne8 27. Kd2 Kf6 28. f4 Nc7 29. Ke3 h6 30. a3 g5 31. g3 b6 32. Be4 a5 33. bxa5 bxa5 34. c5 Na6 35. c6 Bc8 36. Nb5 Ke7 37. fxg5 hxg5 38. h4 f5 39. Bd5 f4+ 40. Kf2 fxg3+ 41. Kxg3 gxh4+ 42. Kxh4 Kf6 43. Na7 Bf5 44. Bc4 1-0


[Site "https://www.chess.com"]

[Event "Titled Tuesday Blitz March 15 Early 2022"]
[White "Golsta, Madara"]
[Black "Zong, Davis"]
[WhiteFideId "11607386"]
[BlackFideId "30903955"]
[WhiteElo "1997"]
[BlackElo "2061"]
[Result "1-0"]
[Round "03"]
[TimeControl "180+1"]
[Date "2022.03.15"]
[WhiteClock "0:01:14"]
[BlackClock "0:00:06"]

1. e4 e5 2. Nf3 Nc6 3. d4 exd4 4. Nxd4 Bc5 5. Nb3 Bb6 6. Nc3 Nf6 7. Bg5 O-O 8. Qd2 d6 9. O-O-O a5 10. a4 Be6 11. Kb1 Ne5 12. f4 Neg4 13. Nd4 h6 14. h3 hxg5 15. hxg4 Bxg4 16. Be2 Bxe2 17. Ndxe2 g4 18. Nd4 g6 19. f5 Kg7 20. Qh6+ Kg8 21. Qh8# 1-0


[Site "https://www.chess.com"]

[Event "Titled Tuesday Blitz March 15 Early 2022"]
[White "Golubev, Mikhail"]
[Black "Cavanah, Troy"]
[WhiteFideId "14100983"]
[BlackFideId "30949670"]
[WhiteElo "2374"]
[BlackElo "1878"]
[Result "1-0"]
[Round "03"]
[TimeControl "180+1"]
[Date "2022.03.15"]
[WhiteClock "0:01:17"]
[BlackClock "0:00:17"]

1. e4 c5 2. Nf3 d6 3. d4 cxd4 4. Nxd4 Nf6 5. Nc3 a6 6. Bc4 e6 7. O-O Nbd7 8. Bxe6 fxe6 9. Nxe6 Qa5 10. Bd2 Qe5 11. Nc7+ Kd8 12. Nxa8 Nc5 13. Nb6 Ng4 14. f4 Qd4+ 15. Kh1 Nf2+ 16. Rxf2 Qxf2 17. Nxc8 Kxc8 18. Qe1 Qd4 19. Be3 Qf6 20. Bxc5 dxc5 21. Nd5 Qc6 22. Rd1 Bd6 23. e5 Re8 24. Qa5 Bc7 25. Qxc7+ Qxc7 26. Nxc7 Kxc7 27. g3 Re6 28. Kg2 g5 29. Kf3 gxf4 30. gxf4 Rh6 31. Rd2 Rh3+ 32. Kg4 Re3 33. Kf5 h5 34. Kf6 1-0


[Site "https://www.chess.com"]

[Event "Titled Tuesday Blitz March 15 Early 2022"]
[White "Goriatchkin, Jouri"]
[Black "Riehle, Marco"]
[WhiteFideId "4120183"]
[BlackFideId "12904392"]
[WhiteElo "966"]
[BlackElo "2462"]
[Result "0-1"]
[Round "03"]
[TimeControl "180+1"]
[Date "2022.03.15"]
[WhiteClock "0:01:11"]
[BlackClock "0:02:42"]

1. d4 d5 2. c4 e6 3. Nc3 c5 4. cxd5 cxd4 5. Qxd4 Nc6 6. Qd1 exd5 7. Qxd5 Be6 8. Qxd8+ Rxd8 9. Bf4 Nb4 10. Rc1 Nxa2 11. e3 Nxc1 0-1


[Site "https://www.chess.com"]

[Event "Titled Tuesday Blitz March 15 Early 2022"]
[White "Goryachkina, Aleksandra"]
[Black "Guseva, Marina"]
[WhiteFideId "4147103"]
[BlackFideId "4149351"]
[WhiteElo "2426"]
[BlackElo "2160"]
[Result "1/2-1/2"]
[Round "03"]
[TimeControl "180+1"]
[Date "2022.03.15"]
[WhiteClock "0:00:04"]
[BlackClock "0:00:04"]

1. e4 c5 2. Nf3 Nc6 3. Bb5 d6 4. O-O Bd7 5. Re1 Nf6 6. c3 a6 7. Bf1 Bg4 8. d4 cxd4 9. cxd4 e5 10. d5 Nd4 11. Be3 Nxf3+ 12. gxf3 Bd7 13. Nd2 b5 14. Rc1 Be7 15. Qc2 O-O 16. Qc7 Qxc7 17. Rxc7 Rfc8 18. Rec1 Rxc7 19. Rxc7 Bd8 20. Rc2 Rc8 21. Rxc8 Bxc8 22. Nb3 Nh5 23. Bd3 g5 24. Bd2 Nf4 25. Bxf4 gxf4 26. Kg2 Bb6 27. Nc1 Bd7 28. Ne2 Kf8 29. Kf1 Ke7 30. Ke1 Kd8 31. Ng1 Kc7 32. Bf1 Bd4 33. b3 Kb6 34. Bh3 Be8 35. Ne2 Kc5 36. Kd2 Bxf2 37. Bf5 h6 38. Kd3 b4 39. Kc2 Bb5 40. Kd2 Be3+ 41. Kd1 Bxe2+ 42. Kxe2 Kd4 43. h3 Kc3 44. Bd7 Kb2 45. Kd3 Kxa2 46. Kc2 a5 47. Bc6 f6 48. Bd7 Ka3 49. Bc6 Bd4 50. Bd7 Be3 51. Bc6 Bd4 52. Bd7 Be3 1/2-1/2


[Site "https://www.chess.com"]

[Event "Titled Tuesday Blitz March 15 Early 2022"]
[White "Griggs, Walker"]
[Black "Weetik, Vjacheslav"]
[WhiteFideId "2067552"]
[BlackFideId "4153472"]
[WhiteElo "2232"]
[BlackElo "2469"]
[Result "0-1"]
[Round "03"]
[TimeControl "180+1"]
[Date "2022.03.15"]
[WhiteClock "0:01:55"]
[BlackClock "0:02:13"]

1. e4 c6 2. d4 d5 3. Nd2 dxe4 4. Nxe4 Nf6 5. Nxf6+ exf6 6. c3 Bd6 7. Bd3 O-O 8. Qf3 Re8+ 9. Ne2 Nd7 10. O-O Nf8 11. Bf4 Ng6 12. Bxd6 Qxd6 13. Rfe1 Be6 14. Qg3 Qd8 15. Nf4 Nxf4 16. Qxf4 Qb6 17. b3 Qa5 18. Re3 Qg5 19. Qxg5 fxg5 20. Rae1 Red8 21. Re5 h6 22. Bf5 Bxf5 23. Rxf5 Re8 24. Rxe8+ Rxe8 25. Kf1 Kf8 26. c4 Re4 27. d5 c5 28. d6 b6 29. Rd5 Ke8 30. d7+ Kd8 0-1


[Site "https://www.chess.com"]

[Event "Titled Tuesday Blitz March 15 Early 2022"]
[White "Gubanov, Oleg"]
[Black "Lazavik, Denis"]
[WhiteFideId "14115115"]
[BlackFideId "13515110"]
[WhiteElo "2080"]
[BlackElo "2437"]
[Result "0-1"]
[Round "03"]
[TimeControl "180+1"]
[Date "2022.03.15"]
[WhiteClock "0:00:15"]
[BlackClock "0:00:21"]

1. e4 c5 2. Nf3 e6 3. c3 Nf6 4. e5 Nd5 5. d4 cxd4 6. cxd4 d6 7. Nc3 Nxc3 8. bxc3 Qc7 9. Bd2 Nd7 10. exd6 Bxd6 11. Bd3 O-O 12. Ng5 Nf6 13. Qf3 e5 14. Ne4 Nxe4 15. Qxe4 g6 16. O-O Bf5 17. Qf3 Bxd3 18. Qxd3 exd4 19. cxd4 Bxh2+ 20. Kh1 Bf4 21. Rac1 Qd6 22. Bxf4 Qxf4 23. g3 Qd6 24. Qb3 Qxd4 25. Qxb7 Rab8 26. Qc7 Rb2 27. Kg1 Rxa2 28. Rcd1 Qf6 29. Rd7 h5 30. Qc4 Ra5 31. Re1 Rf5 32. Re2 a5 33. Ra7 Kg7 34. Qc7 Qg5 35. Ra2 h4 36. R7xa5 hxg3 37. fxg3 Qe3+ 38. Kg2 Qf3+ 39. Kh2 Rh8+ 0-1


[Site "https://www.chess.com"]

[Event "Titled Tuesday Blitz March 15 Early 2022"]
[White "Gulecyuz, Deniz"]
[Black "Farmani Anosheh, Armin"]
[WhiteFideId "30921341"]
[BlackFideId "24613240"]
[WhiteElo "1923"]
[BlackElo "2289"]
[Result "0-1"]
[Round "03"]
[TimeControl "180+1"]
[Date "2022.03.15"]
[WhiteClock "0:00:04"]
[BlackClock "0:00:08"]

1. Nf3 c5 2. g3 d5 3. Bg2 Nf6 4. O-O e6 5. c4 d4 6. d3 Nc6 7. Na3 Be7 8. Nc2 O-O 9. a3 a5 10. Rb1 a4 11. b4 axb3 12. Rxb3 Nd7 13. e3 e5 14. Re1 dxe3 15. fxe3 Qc7 16. Bb2 b6 17. Bc3 Bb7 18. Qa1 Rfe8 19. Nd2 Bf8 20. Rf1 Nf6 21. Ne4 Nxe4 22. Bxe4 Na5 23. Bxa5 Rxa5 24. Bxb7 Qxb7 25. e4 Rea8 26. Qxe5 Qd7 27. Qb2 f6 28. Ne3 Bd6 29. Nd5 Be5 30. Qc2 Bd4+ 31. Kg2 R8a6 32. Rxb6 Rxa3 33. Rxa6 Rxa6 34. Rb1 Ra8 35. Qb3 h5 36. Qb7 Qxb7 37. Rxb7 Ra2+ 38. Kh3 Rd2 39. Nf4 h4 40. Kxh4 Rxh2+ 41. Kg4 Be5 42. Kf5 Rf2 43. Kg6 f5 44. exf5 Rf3 45. Ne6 Rxg3+ 46. Kh5 Kh7 47. Ng5+ Kg8 48. Kh4 Rg1 49. Kh5 Bf6 50. Ne4 Rh1+ 51. Kg4 Be5 52. Kg5 Rg1+ 53. Kh4 Rh1+ 54. Kg4 Rg1+ 55. Kf3 Rf1+ 56. Nf2 Bd4 57. Ke4 Rxf2 58. Kd5 Rxf5+ 59. Kc6 g6 60. Kd6 Rf6+ 61. Ke7 Rf7+ 0-1


[Site "https://www.chess.com"]

[Event "Titled Tuesday Blitz March 15 Early 2022"]
[White "Gurevich, Dmitry"]
[Black "Demchenko, Anton"]
[WhiteFideId "2000407"]
[BlackFideId "4160258"]
[WhiteElo "2506"]
[BlackElo "2539"]
[Result "1/2-1/2"]
[Round "03"]
[TimeControl "180+1"]
[Date "2022.03.15"]
[WhiteClock "0:00:06"]
[BlackClock "0:00:02"]

1. d4 Nf6 2. c4 d6 3. Nc3 e5 4. Nf3 Nbd7 5. e4 Be7 6. Be2 c6 7. O-O Qc7 8. Be3 Nf8 9. Rc1 Ng6 10. Re1 O-O 11. h3 Re8 12. Qd2 h6 13. b4 Bf8 14. d5 a5 15. a3 axb4 16. axb4 Bd7 17. Red1 Ra3 18. c5 Qb8 19. cxd6 cxd5 20. Nb5 Bxb5 21. Bxb5 Rd8 22. Qb2 Rxe3 23. fxe3 Bxd6 24. exd5 Qa7 25. Qe2 Bxb4 26. Kh2 Bc5 27. Ra1 Qb6 28. e4 Nxe4 29. Qxe4 Qxb5 30. Kh1 Bd6 31. Rab1 Qd7 32. Rb3 f5 33. Qc4 Rc8 34. Qb5 Qxb5 35. Rxb5 Nf4 36. Rxb7 Rc2 37. Rd7 Bf8 38. Nxe5 Nxg2 39. Ng6 Bc5 40. d6 Ne3 41. Re1 Kh7 42. Nf8+ Kg8 43. Ne6 Bb6 44. Rxg7+ Kh8 45. Rb7 Nc4 46. d7 Rd2 47. d8=Q+ Bxd8 48. Rb8 Kh7 49. Rxd8 Rb2 50. Rd7+ Kg6 51. Nf4+ Kg5 52. Ne6+ Kf6 53. Nf4 Rb3 54. Nd5+ Kg5 55. Rg1+ Kh4 56. Rd6 Rxh3+ 57. Kg2 Rd3 58. Kf2 Rd2+ 59. Ke1 h5 60. Ne3 Rxd6 61. Nxf5+ Kh3 62. Nxd6 Nxd6 63. Rh1+ Kg4 64. Rxh5 Kxh5 1/2-1/2


[Site "https://www.chess.com"]

[Event "Titled Tuesday Blitz March 15 Early 2022"]
[White "Hambleton, Aman"]
[Black "Shtyka, Sergey"]
[WhiteFideId "2606577"]
[BlackFideId "4138465"]
[WhiteElo "2552"]
[BlackElo "2014"]
[Result "1-0"]
[Round "03"]
[TimeControl "180+1"]
[Date "2022.03.15"]
[WhiteClock "0:00:06"]
[BlackClock "0:00:04"]

1. d4 c5 2. d5 e5 3. c4 d6 4. Nc3 Be7 5. g3 Nf6 6. Bg2 O-O 7. e4 Nbd7 8. Nf3 Ne8 9. O-O Nc7 10. a4 b6 11. Ne1 a6 12. Nd3 Rb8 13. f4 Bf6 14. f5 b5 15. axb5 axb5 16. b3 bxc4 17. bxc4 Nb6 18. Nb2 Ba6 19. Qd3 Ra8 20. Be3 Bg5 21. Bf2 Qd7 22. h4 Be7 23. Rfb1 Rfb8 24. Bf1 Bc8 25. Qc2 g6 26. Bd3 Na6 27. Na2 Qc7 28. Nd1 Bd7 29. Ndc3 Kg7 30. Kh2 Nb4 31. Nxb4 Rxa1 32. Rxa1 cxb4 33. Nd1 Qb7 34. Nb2 Be8 35. g4 Ra8 36. Rc1 Nd7 37. g5 f6 38. gxf6+ Bxf6 39. Bg3 b3 40. Qd2 Ra2 41. Rb1 Nc5 42. fxg6 Bxg6 43. Qe3 Qe7 44. h5 Bg5 45. Qg1 Bxh5 46. Bh4 h6 47. Bf1 Kh7 48. Bf2 Bf4+ 49. Kh1 Qg5 50. Qxg5 hxg5 51. Bxc5 dxc5 52. Bg2 g4 53. Nd3 Bg6 54. Nxc5 g3 55. Nxb3 Rf2 56. c5 Be8 57. c6 Rc2 58. Na5 Rc5 59. Nb7 Rc2 60. Rd1 Be3 61. Nd8 Bd4 62. Ne6 Rc3 63. Nxd4 exd4 64. Kg1 d3 65. e5 Bh5 66. Rxd3 Rc1+ 67. Bf1 Be2 68. Rxg3 Rxf1+ 69. Kg2 Rd1 70. Kf2 Bc4 71. d6 Bb5 72. c7 Bd7 73. Rc3 Rd2+ 74. Ke3 Rd1 75. c8=Q Bxc8 76. Rxc8 Re1+ 77. Kd4 Rd1+ 78. Ke4 Re1+ 79. Kf5 Rf1+ 80. Ke6 Rg1 81. Rf8 Rg6+ 82. Rf6 Rg7 83. Rf7 1-0


[Site "https://www.chess.com"]

[Event "Titled Tuesday Blitz March 15 Early 2022"]
[White "Hammer, Jon Ludvig"]
[Black "Kevlishvili, Robby"]
[WhiteFideId "1503707"]
[BlackFideId "1040634"]
[WhiteElo "2607"]
[BlackElo "2584"]
[Result "1-0"]
[Round "03"]
[TimeControl "180+1"]
[Date "2022.03.15"]
[WhiteClock "0:00:23"]
[BlackClock "0:00:14"]

1. d4 d5 2. c4 c6 3. Nf3 Nf6 4. Nc3 e6 5. Bg5 h6 6. Bxf6 Qxf6 7. e3 Nd7 8. Bd3 g6 9. O-O Bg7 10. h3 O-O 11. a3 b6 12. cxd5 exd5 13. b4 Bb7 14. Qb3 Qd6 15. Rad1 a5 16. e4 dxe4 17. Nxe4 Qd5 18. Qxd5 cxd5 19. Nd6 Bc8 20. Rc1 axb4 21. axb4 Nf6 22. Rc6 Be6 23. Ne5 Rfb8 24. f4 Ra4 25. f5 gxf5 26. Bxf5 Rxb4 27. Rc7 Ne8 28. Nxe8 Rxe8 29. Bxe6 fxe6 30. Rff7 Bh8 31. Ng4 Bxd4+ 32. Kh2 1-0


[Site "https://www.chess.com"]

[Event "Titled Tuesday Blitz March 15 Early 2022"]
[White "Harikrishna, Pentala"]
[Black "Khabinets, Ivan"]
[WhiteFideId "5007003"]
[BlackFideId "14115980"]
[WhiteElo "2574"]
[BlackElo "2114"]
[Result "1-0"]
[Round "03"]
[TimeControl "180+1"]
[Date "2022.03.15"]
[WhiteClock "0:00:07"]
[BlackClock "0:00:40"]

1. e4 c5 2. Nf3 d6 3. c3 Nf6 4. Be2 g6 5. O-O Bg7 6. Bb5+ Bd7 7. Bxd7+ Qxd7 8. Re1 O-O 9. d4 cxd4 10. cxd4 Nc6 11. Nc3 Rfd8 12. h3 Rac8 13. Bg5 h6 14. Bh4 g5 15. Bg3 Nh5 16. Bh2 g4 17. Nh4 g3 18. Qxh5 gxh2+ 19. Kxh2 Nxd4 20. Rad1 e6 21. Rd3 Qe7 22. f4 Rc5 23. Qg4 Kh7 24. Red1 Nc6 25. Rg3 Rg8 26. e5 dxe5 27. Ne4 f5 28. Qg6+ Kh8 29. Nxc5 Qxc5 30. Qxe6 exf4 31. Ng6+ Kh7 32. Nxf4 Nd4 33. Qg6+ Kh8 34. Ne6 Nxe6 35. Qxe6 Qc7 36. Rd7 Qf4 37. Qg6 Qe5 38. Rxg7 Rxg7 39. Qxh6+ Kg8 40. Qxg7+ Qxg7 41. Rxg7+ Kxg7 42. Kg3 Kf6 43. Kf4 Kg6 44. g4 fxg4 45. hxg4 Kf6 46. g5+ Kg6 47. Kg4 b6 48. Kf4 a6 49. Kg4 a5 1-0


[Site "https://www.chess.com"]

[Event "Titled Tuesday Blitz March 15 Early 2022"]
[White "Hernandez Jimenez, Alexander Andres"]
[Black "Yang, Kaiqi"]
[WhiteFideId "3900452"]
[BlackFideId "8604398"]
[WhiteElo "2082"]
[BlackElo "2373"]
[Result "0-1"]
[Round "03"]
[TimeControl "180+1"]
[Date "2022.03.15"]
[WhiteClock "0:02:34"]
[BlackClock "0:02:41"]

1. e4 e6 2. d4 d5 3. Nc3 Bb4 4. e5 Qd7 5. f4 b6 6. a3 Bf8 7. Be3 Ne7 8. Qd2 Nf5 9. g4 Nxe3 10. Qe2 Nxf1 0-1


[Site "https://www.chess.com"]

[Event "Titled Tuesday Blitz March 15 Early 2022"]
[White "Hess, Robert"]
[Black "Mekhitarian, Krikor Sevag"]
[WhiteFideId "2022036"]
[BlackFideId "2107660"]
[WhiteElo "2557"]
[BlackElo "2598"]
[Result "0-1"]
[Round "03"]
[TimeControl "180+1"]
[Date "2022.03.15"]
[WhiteClock "0:00:02"]
[BlackClock "0:00:27"]

1. b3 d5 2. Bb2 c5 3. e3 a6 4. h3 Nc6 5. Ne2 e5 6. d3 g6 7. Nd2 Bg7 8. g3 Nge7 9. Bg2 O-O 10. a3 Be6 11. e4 Qd7 12. f4 Rad8 13. g4 exf4 14. Bxg7 Kxg7 15. Nxf4 d4 16. Nf3 Qd6 17. Qd2 Ne5 18. O-O N7c6 19. Rf2 Nxf3+ 20. Bxf3 Ne5 21. Raf1 b5 22. Bd1 Qe7 23. Qa5 Rd6 24. a4 Rb8 25. Be2 Rc6 26. axb5 axb5 27. Qa1 Rd8 28. Qa5 Rb8 29. Ra1 Qh4 30. Raf1 Bd7 31. Qa7 Rd8 32. Qb7 Rf6 33. Qc7 Re8 0-1


[Site "https://www.chess.com"]

[Event "Titled Tuesday Blitz March 15 Early 2022"]
[White "Horcajuelo Rocamora, Martin"]
[Black "Vujnovic, Patricija"]
[WhiteFideId "24573027"]
[BlackFideId "14502313"]
[WhiteElo "1706"]
[BlackElo "2107"]
[Result "1-0"]
[Round "03"]
[TimeControl "180+1"]
[Date "2022.03.15"]
[WhiteClock "0:02:33"]
[BlackClock "0:01:55"]

1. e3 Nf6 2. Nf3 d5 3. b3 Bf5 4. Bb2 e6 5. d4 h6 6. Bd3 Bxd3 7. Qxd3 Nbd7 8. O-O Bd6 9. Ne5 c5 10. f4 Ne4 11. Nd2 Ndf6 12. Nxe4 Nxe4 13. Qb5+ Kf8 14. Qxb7 cxd4 15. Qxf7# 1-0


[Site "https://www.chess.com"]

[Event "Titled Tuesday Blitz March 15 Early 2022"]
[White "Huda, Maryana"]
[Black "Zheenbekov, Nurgazy"]
[WhiteFideId "14116553"]
[BlackFideId "13800485"]
[WhiteElo "2226"]
[BlackElo "1959"]
[Result "0-1"]
[Round "03"]
[TimeControl "180+1"]
[Date "2022.03.15"]
[WhiteClock "0:01:28"]
[BlackClock "0:01:37"]

1. d4 Nf6 2. Nf3 e6 3. c4 d5 4. Nc3 Be7 5. Bg5 O-O 6. e3 Nbd7 7. cxd5 exd5 8. Bd3 c6 9. O-O Re8 10. Qe2 Ne4 11. Bxe7 Qxe7 12. Rac1 Nf8 13. Qc2 Ng6 14. Nd2 Ng5 15. Rce1 Nh3+ 16. gxh3 Bxh3 17. Ne2 Qg5+ 18. Ng3 Nh4 19. Be2 f5 20. f4 Qe7 21. Nf3 Qxe3+ 22. Kh1 Bg2# 0-1


[Site "https://www.chess.com"]

[Event "Titled Tuesday Blitz March 15 Early 2022"]
[White "Ismayil, Malak"]
[Black "Mitusov, Semen"]
[WhiteFideId "13412604"]
[BlackFideId "14151049"]
[WhiteElo "1879"]
[BlackElo "2265"]
[Result "0-1"]
[Round "03"]
[TimeControl "180+1"]
[Date "2022.03.15"]
[WhiteClock "0:00:55"]
[BlackClock "0:01:46"]

1. e4 e5 2. Nf3 Nc6 3. Bc4 Bc5 4. d3 Nf6 5. O-O d6 6. h3 h6 7. Nc3 g5 8. Be3 g4 9. hxg4 Bxg4 10. Qe2 Rg8 11. Rfd1 Nh5 12. Nd5 Nf4 13. Bxf4 Nd4 14. Qd2 Nxf3+ 15. gxf3 Bxf3+ 16. Bg3 Rxg3+ 0-1


[Site "https://www.chess.com"]

[Event "Titled Tuesday Blitz March 15 Early 2022"]
[White "Jacobson, Aaron"]
[Black "Cramling Bellon, Anna"]
[WhiteFideId "2089912"]
[BlackFideId "32009232"]
[WhiteElo "2265"]
[BlackElo "1905"]
[Result "1-0"]
[Round "03"]
[TimeControl "180+1"]
[Date "2022.03.15"]
[WhiteClock "0:03:03"]
[BlackClock "0:00:02"]

1. e4 c5 2. Nf3 e6 3. d4 cxd4 4. Bg5 Qb6 5. Qxd4 Nc6 6. Qxb6 axb6 7. Nc3 f6 8. Bd2 Bc5 9. Nb5 Kd8 10. c3 Nge7 11. b4 Bxf2+ 12. Kxf2 d5 13. exd5 Nxd5 14. Bc4 Nce7 15. Bb3 Bd7 16. c4 Bxb5 17. cxb5 Kd7 18. Rhc1 Rhc8 19. a4 e5 20. g3 g5 21. a5 g4 22. Ne1 f5 23. Ng2 bxa5 24. bxa5 Nf6 25. Ne3 Ne4+ 26. Ke1 Nc5 27. Bc2 e4 28. Nc4 Ng6 29. Nb6+ Kd6 30. Bb4 Ke5 31. Nxa8 Nd3+ 32. Bxd3 exd3 33. Rxc8 d2+ 34. Kxd2 1-0


[Site "https://www.chess.com"]

[Event "Titled Tuesday Blitz March 15 Early 2022"]
[White "Jaferian, Koosha"]
[Black "Spitzl, Vinzent"]
[WhiteFideId "12507440"]
[BlackFideId "12901253"]
[WhiteElo "2030"]
[BlackElo "2160"]
[Result "1-0"]
[Round "03"]
[TimeControl "180+1"]
[Date "2022.03.15"]
[WhiteClock "0:01:04"]
[BlackClock "0:00:23"]

1. Nf3 Nf6 2. b3 e6 3. Bb2 Be7 4. e3 d5 5. Be2 O-O 6. O-O c5 7. c4 Nc6 8. cxd5 Nxd5 9. d4 cxd4 10. Nxd4 Nxd4 11. Bxd4 Bd7 12. Nd2 Bf6 13. Nc4 Nc3 14. Bxc3 Bxc3 15. Rc1 Bf6 16. Bf3 Rb8 17. Nd6 Qb6 18. Ne4 Bb5 19. Nxf6+ gxf6 20. Re1 Rfd8 21. Qc2 Rd7 22. Qe4 f5 23. Qf4 Qd6 24. Qg5+ Kf8 25. Red1 Qe7 26. Qh6+ Kg8 27. Rxd7 Bxd7 28. Rc7 Rc8 29. Qf4 e5 30. Qc4 Rxc7 31. Qxc7 e4 32. Be2 Kf8 33. Qxb7 Qd6 34. Qxa7 Qd2 35. Bf1 Kg8 36. Qd4 1-0


[Site "https://www.chess.com"]

[Event "Titled Tuesday Blitz March 15 Early 2022"]
[White "Jaskolka, Tomasz"]
[Black "Secer, Ata"]
[WhiteFideId "1170791"]
[BlackFideId "6303293"]
[WhiteElo "2073"]
[BlackElo "2282"]
[Result "1-0"]
[Round "03"]
[TimeControl "180+1"]
[Date "2022.03.15"]
[WhiteClock "0:00:08"]
[BlackClock "0:00:03"]

1. d4 d5 2. Bf4 c5 3. e3 Nc6 4. Nf3 Nf6 5. Nbd2 cxd4 6. exd4 Bg4 7. c3 e6 8. Bd3 Bd6 9. Bg3 O-O 10. O-O Rb8 11. a3 Bxg3 12. hxg3 b5 13. Qe2 Qb6 14. Qe3 Bh5 15. Ne5 Nxe5 16. Qxe5 Bg6 17. Bxg6 hxg6 18. b4 Rfc8 19. Rfc1 Nd7 20. Qe2 Qd6 21. Nb3 e5 22. Nc5 e4 23. a4 a5 24. axb5 axb4 25. cxb4 Nb6 26. Ra7 Qf6 27. Rd1 Rd8 28. Qg4 Ra8 29. Ra6 Rd6 30. Rxa8+ Nxa8 31. Ra1 Nb6 32. Qd1 Kh7 33. Ra6 Nc4 34. Rxd6 Qxd6 35. Qg4 Qb6 36. Qd7 Nd6 37. Qc6 Qxc6 38. bxc6 Nb5 39. Na6 Kg8 40. c7 Nd6 41. b5 Kf8 42. b6 Ke7 43. b7 Kd7 44. b8=Q Nc4 45. Qd8+ Kc6 46. c8=Q+ 1-0


[Site "https://www.chess.com"]

[Event "Titled Tuesday Blitz March 15 Early 2022"]
[White "Jeet, Jain"]
[Black "Aravindh, Chithambaram VR."]
[WhiteFideId "5073022"]
[BlackFideId "5072786"]
[WhiteElo "2085"]
[BlackElo "2561"]
[Result "0-1"]
[Round "03"]
[TimeControl "180+1"]
[Date "2022.03.15"]
[WhiteClock "0:00:12"]
[BlackClock "0:00:39"]

1. d4 g6 2. Nf3 Bg7 3. Bf4 d6 4. e3 Nd7 5. Nbd2 e5 6. Bg3 Ne7 7. Be2 O-O 8. dxe5 dxe5 9. Nc4 f6 10. O-O Nc5 11. Qxd8 Rxd8 12. Rfd1 Be6 13. Na5 b6 14. Nb3 Na4 15. Rab1 Rxd1+ 16. Bxd1 Rd8 17. Be2 Nf5 18. Ne1 Nxg3 19. hxg3 f5 20. Bb5 Nxb2 21. Rxb2 Rd1 22. Kf1 e4 23. Nd4 c5 24. c3 cxd4 25. cxd4 Bf8 26. Ke2 Ra1 27. a4 Ba3 28. Rc2 Bb4 29. Nf3 Bb3 30. Rc8+ Kg7 31. Rc7+ Kh6 32. Rxa7 Bd1+ 0-1


[Site "https://www.chess.com"]

[Event "Titled Tuesday Blitz March 15 Early 2022"]
[White "Johnson, Ben"]
[Black "Alinasab, Mobina"]
[WhiteFideId "2010917"]
[BlackFideId "12528897"]
[WhiteElo "2223"]
[BlackElo "2052"]
[Result "0-1"]
[Round "03"]
[TimeControl "180+1"]
[Date "2022.03.15"]
[WhiteClock "0:00:28"]
[BlackClock "0:01:35"]

1. e3 e5 2. Nc3 d5 3. d4 e4 4. f3 exf3 5. Nxf3 Nf6 6. Be2 Bb4 7. O-O O-O 8. Ne5 c6 9. Bd3 Nbd7 10. Nxd7 Bxd7 11. Ne2 Ne4 12. c3 Bd6 13. Nf4 Qh4 14. Qe1 Qh6 15. Qe2 Rae8 16. Bd2 g5 17. Nh3 Bxh3 18. gxh3 Qxh3 19. Be1 f5 20. Qg2 Qxg2+ 21. Kxg2 g4 22. Bh4 Nd2 23. Rxf5 Rxe3 24. Rxf8+ Kxf8 25. Bf1 Rh3 26. Bg3 Bxg3 27. hxg3 Ne4 28. Be2 Rxg3+ 29. Kh2 h5 30. Rf1+ Kg7 31. Rf5 Kg6 32. Rxd5 cxd5 0-1


[Site "https://www.chess.com"]

[Event "Titled Tuesday Blitz March 15 Early 2022"]
[White "Jumabayev, Rinat"]
[Black "Kanyamarala, Tarun"]
[WhiteFideId "13702661"]
[BlackFideId "45004714"]
[WhiteElo "2561"]
[BlackElo "2075"]
[Result "1-0"]
[Round "03"]
[TimeControl "180+1"]
[Date "2022.03.15"]
[WhiteClock "0:00:47"]
[BlackClock "0:00:05"]

1. e4 c5 2. Nf3 Nc6 3. Bb5 g6 4. O-O Bg7 5. Re1 e5 6. c3 Nge7 7. d4 exd4 8. cxd4 cxd4 9. Bf4 a6 10. Ba4 O-O 11. Bd6 b5 12. Bb3 Bb7 13. e5 h6 14. Nbd2 Re8 15. Ne4 Nf5 16. Bd5 Ra7 17. Qb3 Re6 18. Nc5 Na5 19. Nxb7 Rxb7 20. Qd3 Nxd6 21. exd6 Rxd6 22. Bxb7 Nxb7 23. Rac1 Re6 24. Red1 Nd6 25. Nxd4 Rf6 26. b3 Qb6 27. Nf3 g5 28. Qd4 Qa5 29. Qc5 Ne4 30. Qc2 g4 31. Qxe4 gxf3 32. Rc8+ Bf8 33. Qe7 1-0


[Site "https://www.chess.com"]

[Event "Titled Tuesday Blitz March 15 Early 2022"]
[White "Kanyamarala, Trisha"]
[Black "Perez Gormaz, Matias"]
[WhiteFideId "45004722"]
[BlackFideId "3406342"]
[WhiteElo "2047"]
[BlackElo "2327"]
[Result "0-1"]
[Round "03"]
[TimeControl "180+1"]
[Date "2022.03.15"]
[WhiteClock "0:00:16"]
[BlackClock "0:00:54"]

1. c4 e6 2. Nc3 d5 3. cxd5 exd5 4. d4 c6 5. Bf4 Bd6 6. e3 Bxf4 7. exf4 Qb6 8. Qd2 Ne7 9. Nf3 Bg4 10. Be2 Bxf3 11. Bxf3 O-O 12. O-O Nf5 13. Rad1 Nd6 14. Na4 Qc7 15. b3 Nd7 16. Rfe1 Rfe8 17. Qc2 Nf6 18. Nc5 Re7 19. Nd3 Nfe4 20. Ne5 f6 21. Ng4 Rae8 22. Bxe4 Nxe4 23. Ne3 Qxf4 24. h3 h5 25. Re2 Nxf2 26. Rxf2 Qxe3 27. Qg6 Qg5 28. Qxg5 fxg5 29. Rf5 Re1+ 30. Rxe1 Rxe1+ 31. Kh2 Re4 32. Rxg5 h4 33. Rg4 Rxg4 34. hxg4 g5 35. g3 hxg3+ 36. Kxg3 Kf7 37. Kf3 Ke6 38. a4 a5 39. Ke3 Kd6 40. Kd3 b6 41. Kc3 c5 42. Kd3 Kc6 43. Kc3 cxd4+ 44. Kd2 Kc5 45. Kd3 Kb4 46. Kxd4 Kxb3 47. Kxd5 Kxa4 48. Ke5 b5 49. Kf5 b4 50. Kxg5 b3 51. Kf6 b2 52. g5 b1=Q 53. g6 Qb8 54. Kf7 Qc7+ 55. Kf8 Qd8+ 0-1


[Site "https://www.chess.com"]